 Dungeon Crawl Stone Soup version 0.23-a0-54-gae6112e (webtiles) character file.

49 galech the Covered (level 3, 0/28 HPs)
             Began as a Gnoll Wanderer on Aug 8, 2018.
             Succumbed to a gnoll's poison
             ... on level 1 of the Dungeon.
             The game lasted 00:02:07 (1295 turns).

galech the Covered (Gnoll Wanderer)                 Turns: 1295, Time: 00:02:08

Health: 0/28       AC:  3    Str: 14    XL:     3   Next: 75%
Magic:  7/7        EV: 12    Int: 11    God:
Gold:   99         SH:  0    Dex: 18    Spells: 6/7 levels left

rFire    . . .     SeeInvis .   b - +0 mace
rCold    . . .     Gourm    .   (no shield)
rNeg     . . .     Faith    .   d - +0 robe
rPois    .         Spirit   .   (no helmet)
rElec    .         Reflect  .   l - +0 cloak
rCorr    .         Harm     .   (no gloves)
MR       .....                  (no boots)
Stlth    +++.......             (no amulet)
HPRegen  0.09/turn              (no ring)
MPRegen  0.10/turn              (no ring)

@: lethally poisoned (0 -> -14)
A: distributed training, fangs 1, strong nose
a: no special abilities


You were on level 1 of the Dungeon.
You were not hungry.

You visited 1 branch of the dungeon, and saw 2 of its levels.

You collected 99 gold pieces.

Inventory:

Hand Weapons
 b - a +0 mace (weapon)
 e - a +0 dagger
Armour
 d - a +0 robe (worn)
 l - a +0 cloak (worn)
Scrolls
 g - 2 scrolls of identify {unknown}
 h - a scroll of immolation {unknown}
 j - a scroll of enchant weapon {unknown}
 k - a scroll of enchant armour {unknown}
Potions
 c - a potion of curing
 i - a potion of flight {unknown}
Comestibles
 a - a chunk of flesh
 f - 3 rations


   Skills:
 + Level 2.6 Fighting
 + Level 0.9 Short Blades
 + Level 0.9 Long Blades
 + Level 4.5 Axes
 + Level 0.9 Maces & Flails
 + Level 0.9 Polearms
 + Level 0.9 Staves
 + Level 0.9 Slings
 + Level 0.9 Bows
 + Level 0.9 Crossbows
 + Level 0.9 Throwing
 + Level 4.5 Armour
 + Level 0.9 Dodging
 + Level 4.2 Stealth
 + Level 0.9 Shields
 + Level 0.9 Unarmed Combat
 + Level 2.8 Spellcasting
 + Level 0.6 Conjurations
 + Level 3.8 Hexes
 + Level 0.6 Charms
 + Level 0.6 Summonings
 + Level 0.6 Necromancy
 + Level 0.6 Translocations
 + Level 0.6 Transmutations
 + Level 0.6 Fire Magic
 + Level 0.6 Ice Magic
 + Level 0.6 Air Magic
 + Level 0.6 Earth Magic
 + Level 0.6 Poison Magic
 + Level 1.0 Invocations
 + Level 0.9 Evocations


You had 6 spell levels left.
You knew the following spells:

 Your Spells              Type           Power        Failure   Level  Hunger
a - Magic Dart            Conj           #...         21%         1    #......

Your spell library contained the following spells:

 Spells                   Type           Power        Failure   Level  Hunger
 Conjure Flame            Conj/Fire      #.......     52%         3    ###....
 Slow                     Hex            #.......     9%          2    ###....
 Mephitic Cloud           Conj/Pois/Air  #.......     52%         3    ###....
 Blink                    Tloc           N/A          30%         2    ###....
 Call Imp                 Summ           #.......     30%         2    ###....


Dungeon Overview and Level Annotations

Branches:
Dungeon (2/15)

Altars:

Annotations:
D:2 Natasha


Innate Abilities, Weirdness & Mutations

Your experience applies equally to all skills.
You have very sharp teeth.
Your uncanny sense of smell can sniff out nearby items.


Message History

The gnoll hits you with a halberd of venom!
* * * LOW HITPOINT WARNING * * *
You are poisoned.
Natasha mumbles some strange words.
You climb upwards.
* * * LOW HITPOINT WARNING * * *
You feel sick.
There is a stone staircase leading down here.
Casting: Magic Dart (safe; 21% risk of failure)
Confirm with . or Enter, or press ? or * to list all spells.
You don't know that spell.
You feel better. The gnoll completely misses you.
You hit the gnoll.
The gnoll is lightly wounded.
The gnoll hits you with a halberd of venom!
* * * LOW HITPOINT WARNING * * *
You are lethally poisoned!
You sock the gnoll!
The gnoll is severely wounded.
You die...

##.# #.....# #......... #..#
##.#######..#######
#..#####.................
#......#.#.##########.###
#..###.#.#.#..#.....)....
#....#.#.#....#.....#....
#.##.#.#.#...##....##..##
#.##.#.#.g....#...##.##..
##.##.#..@.....#......#...
#.....#........#......#..(
#..#####.......#..#..#....
#..# #.....#.#.###.....#
#..#####..##.#.#..#.......
#..##....(##+#.#..#.......
#..#.............#........
####..#...........#.#........
#.....#...........#..#.....#.


You could see a gnoll.

Vanquished Creatures
  Natasha (D:2)
  2 dart slugs (D:1)
  4 bats
  2 giant cockroaches (D:1)
  5 goblins
  A hobgoblin (D:1)
  2 frilled lizards
  A kobold (D:2)
  4 rats
22 creatures vanquished.

Notes
Turn   | Place    | Note
-------+----------+-------------------------------------------
     0 | D:1      | galech the Gnoll Wanderer began the quest for the Orb.
     0 | D:1      | galech set off with: a +0 mace, a potion of curing, a +0 robe, a +0 dagger, a ration
     0 | D:1      | Reached XP level 1. HP: 17/17 MP: 4/4
   128 | D:1      | Reached XP level 2. HP: 19/23 MP: 5/5
   136 | D:1      | Learned a level 1 spell: Magic Dart
  1086 | D:2      | Noticed Natasha
  1094 | D:2      | Killed Natasha
  1094 | D:2      | Reached skill level 1 in Invocations
  1094 | D:2      | Reached XP level 3. HP: 20/28 MP: 0/7
  1276 | D:2      | Noticed Natasha
  1295 | D:1      | Succumbed to a gnoll's poison

Vault maps used:
D:1:      matt_arrival_debris
D:2:      okawaru_altar_gauntlet_db, nicolae_overflow_hidden_temple,
          uniq_natasha

Skill      XL: |  1  2 |
---------------+-------+-----
Invocations    | 1 |  1.0
Fighting       | |  2.6
Short Blades   | |  0.9
Long Blades    | |  0.9
Axes           | |  4.5
Maces & Flails | |  0.9
Polearms       | |  0.9
Staves         | |  0.9
Slings         | |  0.9
Bows           | |  0.9
Crossbows      | |  0.9
Throwing       | |  0.9
Armour         | |  4.5
Dodging        | |  0.9
Stealth        | |  4.2
Shields        | |  0.9
Unarmed Combat | |  0.9
Spellcasting   | |  2.8
Conjurations   | |  0.6
Hexes          | |  3.8
Charms         | |  0.6
Summonings     | |  0.6
Necromancy     | |  0.6
Translocations | |  0.6
Transmutations | |  0.6
Fire Magic     | |  0.6
Ice Magic      | |  0.6
Air Magic      | |  0.6
Earth Magic    | |  0.6
Poison Magic   | |  0.6
Evocations     | |  0.9

Action                   || total
-------------------------++-------
Melee: Mace              ||    60
       Bite              ||     1
 Cast: Magic Dart        ||     6
  Use: Potion            ||     1
 Stab: Sleeping          ||    10
  Eat: Chunk             ||     1
Armor: Robe              ||    10
Dodge: Dodged            ||    40

Table legend:
 A = Spawn XP
 B = Non-spawn XP
 C = Spawn XP percentage of total XP
 D = Spawn monster count
 E = Non-spawn monster count
 F = Spawn count percentage of total count
 G = Total turns spent on level
                    A         B        C        D         E        F      G
               +---------+---------+-------+---------+---------+-------+---------
         Total |       0 |      70 |   0.0 |       0 |      22 |   0.0 |  1295
               +---------+---------+-------+---------+---------+-------+---------
           D:1 |       0 |      28 |   0.0 |       0 |      16 |   0.0 |   979
           D:2 |       0 |      42 |   0.0 |       0 |       6 |   0.0 |   316
               +---------+---------+-------+---------+---------+-------+---------
